 Dungeon Crawl Stone Soup version 0.31-a0-246-g8cbcc1cb85 (webtiles) character file.

Game seed: 10754897812734251270

450 qw the Shooter (level 6, -4/52 HPs)
             Began as a Minotaur Hexslinger on July 12, 2023.
             Killed from afar by an orc wizard (5 damage)
             ... with a magic dart
             ... on level 4 of the Dungeon.
             The game lasted 00:01:17 (2981 turns).

qw the Shooter (Minotaur Hexslinger)                Turns: 2981, Time: 00:01:17

Health: -4/52      AC:  2    Str: 13    XL:     6   Next: 74%
Magic:  6/6        EV: 12    Int: 10    God:
Gold:   234        SH:  0    Dex: 14    Spells: 6/7 levels left

rFire   . . .        Y - +2 sling
rCold   + . .        (no shield)
rNeg    . . .        d - +0 robe {rC+}
rPois   .            (helmet restricted)
rElec   .            (no cloak)
rCorr   .            (no gloves)
SInv    .            (no boots)
Will    .....        (no amulet)
Stlth   +            (no ring)
HPRegen 0.28/turn    (no ring)
MPRegen 0.10/turn

%: no passive effects
@: about to teleport
A: horns 2, retaliatory headbutt
a: no special abilities


You were on level 4 of the Dungeon.
You visited 1 branch of the dungeon, and saw 4 of its levels.

You collected 234 gold pieces.


Innate Abilities, Weirdness & Mutations

You have a pair of horns on your head.
You reflexively headbutt those who attack you in melee.


   Skills:
 - Level 4.2 Fighting
 + Level 6.6 Ranged Weapons
 - Level 2.1 Armour
 - Level 2.1 Dodging
 - Level 1.0 Spellcasting
 - Level 2.0 Hexes


You had 6 spell levels left.
You knew the following spells:

 Your Spells              Type           Power      Damage    Failure   Level
a - Slow                  Hex            16%        N/A       16%         1

Your spell library contained the following spells:

 Spells                   Type           Power      Damage    Failure   Level
 Inner Flame              Hex/Fire       2%         N/A       56%         3
 Portal Projectile        Hex/Tloc       4%         N/A       56%         3
 Cause Fear               Hex            2%         N/A       83%         4

Inventory:

Hand Weapons
 Y - a +2 sling (weapon)
Armour
 d - a +0 robe of cold resistance (worn)
 h - a +0 ring mail
 j - the +0 robe "Limawag" {-Tele Will+ Int+2 Dex+2}
   (You found it on level 2 of the Dungeon)

   Int:       It affects your intelligence (+2).
   Dex:       It affects your dexterity (+2).
   -Tele:     It prevents most forms of teleportation.
   Will:      It increases your willpower.
Scrolls
 a - a scroll of teleportation
 b - 2 scrolls of identify
 c - a scroll of noise {unknown}
 f - a scroll of fog {unknown}
Potions
 e - a potion of might
 g - a potion of degeneration {unknown}
 i - a potion of curing {unknown}

Dungeon Overview and Level Annotations

Branches:
Dungeon (4/15)
 Temple: D:4-7

Altars:
Vehumet
Yredelemnul


Message History

You shoot a sling bullet.
A black bear comes into view.
You hear some strange, mumbled words.
Something tries to affect you, but you resist.
Something hits you.
You hear some strange, mumbled words.
You are more confused.
Something barely misses you. The black bear closely misses you.
The black bear claws you but does no damage. x2
Something hits you. The black bear closely misses you.
The black bear claws you. x2
Something hits you but does no damage. The black bear misses you.
The black bear barely misses you. The black bear claws you. Something hits you.
The black bear bites you. The black bear claws you.
The black bear barely misses you. Something hits you.
The black bear barely misses you. x2; The black bear claws you.
Something hits you.
The black bear closely misses you. x2; The black bear claws you.
Something hits you.
You feel less confused. The black bear bites you.
The black bear barely misses you. The black bear closely misses you.
Something hits you.
You shoot a sling bullet. The sling bullet hits the black bear.
The black bear is lightly wounded.
The black bear bites you. The black bear claws you.
The black bear completely misses you. Something hits you but does no damage.
2980 ||| READING 2 scrolls of teleportation.
As you read the scroll of teleportation, it crumbles to dust.
You feel strangely unstable.
The black bear closely misses you. x2; The black bear barely misses you.
Something hits you.
You shoot a sling bullet.
The sling bullet barely misses the black bear.
The black bear bites you. The black bear claws you. x2
You hear some strange, mumbled words.
A magic dart appears from out of thin air!
The magic dart hits you.
You die...

# #.......).# #
###.####### # #.# ##+##
##...## # ##.....##
###.### # ##.......##
.....).
####.........####...#.#
...+.........'))@{....#
####.........####h....#
.# ##.......## ...###
.# ##.....## .#.# .#
##...###### ..... .#
##%......# ## ###
.#######)......#
......##.......#
.#%............#


You could see a black bear.

Vanquished Creatures
  An ice beast (D:3)
  A kobold brigand (D:4)
  An orc priest (D:4)
  A sleepcap (D:4)
  An orc wizard (D:3)
  A statue (D:3)
  9 adders
  3 worms
  3 dart slugs
  11 orcs
  9 ball pythons
  4 endoplasms
  2 giant cockroaches
  7 goblins
  7 hobgoblins
  3 jackals (D:2)
  A quokka (D:2)
  3 bats
  A frilled lizard (D:3)
  15 kobolds
  3 rats (D:1)
87 creatures vanquished.

Notes
Turn   | Place    | Note
-------+----------+-------------------------------------------
     0 | D:1      | qw the Minotaur Hexslinger began the quest for the Orb.
     0 | D:1      | Reached XP level 1. HP: 16/16 MP: 1/1
     0 | D:1      | 0 ||| qw: Version: 0.3-a-52-g30416fa
     0 | D:1      | 0 ||| qw: Game counter: 6531
     0 | D:1      | 0 ||| qw: Melee chars always use a shield: true
     0 | D:1      | 0 ||| qw: God list: Okawaru
     0 | D:1      | 0 ||| qw: Allow faded altars: false
     0 | D:1      | 0 ||| qw: Do Orc after clearing Dungeon:15 true
     0 | D:1      | 0 ||| qw: Do second Lair branch before Depths: true
     0 | D:1      | 0 ||| qw: Lair rune preference: random
     0 | D:1      | 0 ||| qw: Goals: Normal
     0 | D:1      | 0 ||| PLANNING D:1-11
   122 | D:1      | Reached skill level 3 in Ranged Weapons
   146 | D:1      | Reached XP level 2. HP: 23/23 MP: 2/2
   496 | D:1      | 496 ||| READING 2 scrolls labelled XEEXUITACI.
   499 | D:1      | 499 ||| READING scroll labelled URCHAC HUERI.
   500 | D:1      | 500 ||| DROPPING scroll of poison.
   529 | D:2      | Reached XP level 3. HP: 21/29 MP: 3/3
   670 | D:2      | Reached skill level 4 in Ranged Weapons
   893 | D:2      | Identified the +0 robe "Limawag" {-Tele Will+ Int+2 Dex+2}
  1034 | D:2      | Reached XP level 4. HP: 31/36 MP: 4/4
  1245 | D:2      | 1245 ||| UPGRADING to +0 ring mail.
  1255 | D:2      | 1255 ||| DROPPING +0 robe.
  1256 | D:2      | 1256 ||| READING scroll labelled HYOFFE VOOH.
  1257 | D:2      | 1257 ||| DRINKING 2 fuming grey potions.
  1351 | D:3      | Found a basalt altar of Yredelemnul.
  1435 | D:3      | Found a radiant altar of Vehumet.
  1435 | D:3      | Noticed a frost-covered statue
  1444 | D:3      | Killed a frost-covered statue
  1445 | D:3      | Reached skill level 5 in Ranged Weapons
  1445 | D:3      | Reached XP level 5. HP: 41/41 MP: 5/5
  1467 | D:3      | 1467 ||| Stepping ~*~*~tactically~*~*~ (outnumbered).
  1470 | D:3      | Noticed an ice beast
  1483 | D:3      | HP: 9/42 [ice beast (12)]
  1484 | D:3      | 1484 ||| READING 2 scrolls of teleportation.
  1485 | D:3      | 1485 ||| DRINKING potion of heal wounds.
  1538 | D:3      | Killed an ice beast
  1996 | D:3      | 1996 ||| UPGRADING to +0 robe of cold resistance.
  2006 | D:3      | 2006 ||| READING scroll labelled ASHAMNE QAHAW.
  2054 | D:4      | Reached XP level 6. HP: 52/52 MP: 6/6
  2432 | D:4      | Reached skill level 6 in Ranged Weapons
  2979 | D:4      | HP: 13/52 [black bear (5)]
  2980 | D:4      | 2980 ||| READING 2 scrolls of teleportation.
  2981 | D:4      | HP: 3/52 [black bear (4)]
  2981 | D:4      | HP: 1/52 [black bear (2)]
  2981 | D:4      | Killed from afar by an orc wizard

Levels and vault maps discovered:
D:1:      dpeg_arrival_simpleton_a, layout_basic
D:2:      layout_basic
D:3:      layout_loops_ring, vehumet_statue, mainiacjoe_overflow_boulevard,
          serial_bayou_lagoon_b
D:4:      layout_loops_corners

Skill      XL: |  1  2  3  4  5  6 |
---------------+-------------------+-----
Ranged Weapons | 3 4 5 6 |  6.6
Fighting       | 2 4 |  4.2
Armour         | 2 |  2.1
Dodging        | |  2.1
Spellcasting   | |  1.0
Hexes          | |  2.0

Action                     |  1- 3 |  4- 6 || total
---------------------------+-------+-------++-------
   Fire: Sling             |   111 |   223 ||   334
    Use: Scroll            |     2 |     4 ||     6
         Potion            |       |     2 ||     2
 Armour: Robe              |     6 |    16 ||    22
         Ring mail         |       |    11 ||    11
  Dodge: Dodged            |    32 |    81 ||   113

Table legend:
 A = Non-vault XP
 B = Vault XP
 C = Vault XP percentage of total XP
 D = Non-vault monster count
 E = Vault monster count
 F = Vault count percentage of total count
                 A         B        C        D         E       F
            +---------+---------+-------+---------+---------+-------
      Total |     611 |      32 |   5.0 |      86 |       1 |   1.1
            +---------+---------+-------+---------+---------+-------
        D:1 |      38 |       0 |   0.0 |      22 |       0 |   0.0
        D:2 |      68 |       0 |   0.0 |      15 |       0 |   0.0
        D:3 |     217 |      32 |  12.9 |      19 |       1 |   5.0
        D:4 |     288 |       0 |   0.0 |      30 |       0 |   0.0
            +---------+---------+-------+---------+---------+-------
